 Dungeon Crawl Stone Soup version bcrawl-1.23.3-19-gdc5968f444 (webtiles) character file.

Game seed: 15358643560366867385

41 Freyura the Magician (level 3, -10/24 HPs)
             Began as a Demonspawn Wizard on June 8, 2020.
             Mangled by an orc
             ... wielding a +0 flail
              (11 damage)
             ... on level 3 of the Dungeon.
             The game lasted 00:11:44 (2792 turns).

Freyura the Magician (Demonspawn Wizard)            Turns: 2792, Time: 00:11:44

Health: -10/24     AC:  2    Str: 11    XL:     3   Next: 32%
Magic:  0/8        EV: 12    Int: 20    God:
Gold:   168        SH:  0    Dex: 11    Spells: 1/9 levels left

rFire    . . .     SeeInvis .   a - +0 staff
rCold    . . .     Gourm    .   (no shield)
rNeg     . . .     Faith    .   b - +0 robe
rPois    .         Spirit   +   c - +0 hat
rElec    .         Reflect  .   m - scarf {clouds}
rCorr    .         Harm     .   (no gloves)
MR       .....                  (no boots)
Stlth    ++++......             (no amulet)
HPRegen  0.08/turn              n - ring of stealth
MPRegen  0.11/turn              k - ring "Vahengis" {+Fly Str+4}

@: very slightly contaminated
A: magic shield
a: Evoke Fog, Evoke Flight


You were on level 3 of the Dungeon.
You were near starving.

You visited 1 branch of the dungeon, and saw 3 of its levels.

You collected 168 gold pieces.

Inventory:

Hand Weapons
 a - a +0 staff (weapon)
Armour
 b - a +0 robe (worn)
 c - a +0 hat (worn)
 m - a scarf of clouds (worn)
Jewellery
 k - the ring "Vahengis" (right hand) {+Fly Str+4}
   (You found it on level 2 of the Dungeon)

   [ring of flight]

   It affects your strength (+4).
   It lets you fly.
 n - a ring of stealth (left hand)
Scrolls
 d - a scroll of teleportation
 h - a scroll of fear
 p - 2 scrolls of remove curse
 r - a scroll of magic mapping
Potions
 f - a potion of brilliance
 g - 2 potions of heal wounds {unknown}
 i - a potion of might {unknown}
 j - 2 potions of resistance
 l - 2 potions of curing {unknown}
 o - 2 potions of lignification {unknown}
Comestibles
 e - 5 rations {!d}


   Skills:
 + Level 2.1 Dodging
 + Level 2.4 Stealth
 * Level 3.5 Spellcasting
 + Level 1.6 Conjurations
 + Level 1.1 Summonings
 - Level 0.8 Translocations


You had one spell level left.
You knew the following spells:

 Your Spells              Type           Power        Failure   Level  Hunger
a - Magic Dart            Conj           ##..         7%          1    None
b - Blink                 Tloc           N/A          14%         2    ##.....
c - Call Imp              Summ           #.....       13%         2    ##.....
d - Conjure Flame         Conj/Fire      #.......     28%         3    ###....

Your spell library contained the following spells:

 Spells                   Type           Power        Failure   Level  Hunger
 Mephitic Cloud           Conj/Pois/Air  #.......     32%         3    ###....
 Spider Form              Tmut/Pois      #..          38%         3    ###....


Dungeon Overview and Level Annotations

Branches:
Dungeon (3/12)

Altars:
Kikubaaqudgha

Annotations:
D:3 Sigmund


Innate Abilities, Weirdness & Mutations

When hurt, damage is shared between your health and your magic reserves.


Message History

Aiming: Magic Dart (safe; 7% risk of failure)
Press: ? - help, Shift-Dir - straight line, f - orc
Aim: an orc, wielding a +0 flail and wearing a +0 scale mail The magic dart hits the orc but does no damage.
The orc hits you from afar with a +0 trident.
The orc closely misses you. The orc barely misses you.
The orc barely misses you.
The orc hits you from afar with a +0 trident.
You hit the orc but do no damage.
The orc hits you from afar with a +0 trident.
The orc barely misses you. x3
You hit the orc.
The orc is heavily wounded.
The orc hits you from afar with a +0 trident.
The orc priest invokes the aid of Beogh against you.
Beogh smites you!
* * * LOW HITPOINT WARNING * * *
The orc hits you with a +0 flail!
You die...

#P....♣≈≈≈≈P.P..#######.
#...≈(≈≈≈≈≈.............
#.P..≈≈♣≈♣.PP......^...@
#..♣≈♣≈♣....o....#
#..♣...o..##.#.#
#...o##.####.#.#
#..oo##..o o.#.#
####o##.######.#
#@##+######.#
#...........#
#.......##### #.......#
#.......# #...<...#
#.......# #########


You could see an orc priest and 3 orcs.

Vanquished Creatures
  A dart slug (D:1)
  2 leopard geckos
  4 bats
  5 goblins
  7 hobgoblins
  5 jackals (D:1)
  2 kobolds (D:1)
  3 frilled lizards
  4 rats (D:1)
33 creatures vanquished.

Notes
Turn   | Place    | Note
-------+----------+-------------------------------------------
     0 | D:1      | Freyura the Demonspawn Wizard began the quest for the Orb.
     0 | D:1      | Reached XP level 1. HP: 13/13 MP: 4/4
   261 | D:1      | Gained mutation: When hurt, damage is shared between your
                  | health and your magic reserves. [demonic ancestry]
   261 | D:1      | Reached XP level 2. HP: 18/19 MP: 0/6
  1075 | D:1      | Reached XP level 3. HP: 24/24 MP: 1/7
  1621 | D:1      | Learned a level 2 spell: Blink
  1624 | D:1      | Learned a level 2 spell: Call Imp
  1628 | D:1      | Learned a level 3 spell: Conjure Flame
  1863 | D:2      | Got a vibrating lapis lazuli ring
  1864 | D:2      | Identified the ring "Vahengis" {+Fly Str+4} (You found it
                  | on level 2 of the Dungeon)
  2241 | D:2      | Found an ancient bone altar of Kikubaaqudgha.
  2570 | D:2      | Found a faded altar of an unknown god.
  2737 | D:3      | Noticed Sigmund
  2792 | D:3      | HP: 1/24 [orc priest/divine providence (9)]
  2792 | D:3      | Mangled by an orc

Skill      XL: |  1  2 |
---------------+-------+-----
Dodging        | 2 |  2.1
Stealth        | |  2.4
Spellcasting   | |  3.5
Conjurations   | |  1.6
Summonings     | |  1.1
Translocations | |  0.8

Action                   || total
-------------------------++-------
Melee: Staff             ||    19
 Cast: Magic Dart        ||    84
       Conjure Flame     ||     1
  Use: Scroll            ||     7
  Eat: Chunk             ||     4
Armor: Robe              ||     4
Dodge: Dodged            ||    26
